 Dungeon Crawl Stone Soup version 0.29.0-4-gdea44cf6ec (webtiles) character file.

Game seed: 8146328072325343492

13631 qw the Grappler (level 11, -11/105 HPs)
             Began as a Troll Cinder Acolyte on Sept 2, 2022.
             Was a Follower of Okawaru.
             Mangled by a 12-headed hydra (14 damage)
             ... on level 2 of the Lair of Beasts.
             The game lasted 00:07:08 (10930 turns).

qw the Grappler (Troll Cinder Acolyte)             Turns: 10930, Time: 00:07:09

Health: -11/105    AC:  8    Str: 28    XL:     11   Next: 78%
Magic:  11/12      EV: 13    Int: 10    God:    Okawaru [*.....]
Gold:   766        SH: 21    Dex:  5    Spells: 12/12 levels left

rFire   . . .      SeeInvis .     - Unarmed
rCold   . . .      Faith    .   h - +0 tower shield
rNeg    . . .      Spirit   .   q - +0 steam dragon scales
rPois   +          Reflect  +   (helmet restricted)
rElec   .          Harm     .   (no cloak)
rCorr   .          Rampage  .   (gloves unavailable)
Will    .....                   (boots unavailable)
Stlth   ++........              m - amulet of reflection
HPRegen 1.07/turn               k - ring of poison resistance
MPRegen 0.13/turn               r - +4 ring of evasion

@: about to teleport, heroic, fire susceptible
A: large, unfitting armour, claws 3, regeneration 1, shaggy fur 1, tough skin 1
a: Renounce Religion, Heroism


You were on level 2 of the Lair of Beasts.
You worshipped Okawaru.
Okawaru was aware of your devotion.
You visited 3 branches of the dungeon, and saw 14 of its levels.
You also visited: Sewer.

You collected 766 gold pieces.


Innate Abilities, Weirdness & Mutations

You are too large for most types of armour.
You have claws for hands.
Your natural rate of healing is unusually fast.
You are covered in fur. (AC +1)
You have tough skin. (AC +1)


   Skills:
 - Level 6.3(11.3) Fighting
 - Level 1.2(6.2) Throwing
 + Level 0.2(5.2) Armour
 - Level 3.0(8.0) Dodging
 - Level 10.0(15.0) Shields
 - Level 13.4(18.4) Unarmed Combat
 - Level 1.0 Spellcasting
 - Level 2.1 Fire Magic
 + Level 2.7 Invocations


You had 12 spell levels left.
You didn't know any spells.
Your spell library contained the following spells:

 Spells                   Type           Power      Damage    Failure   Level
 Scorch                   Fire           8%         2d5       50%         2

Inventory:

Missiles
 l - 10 boomerangs (quivered)
Armour
 h - a +0 tower shield (worn)
 q - +0 steam dragon scales (worn)
Jewellery
 a - a +6 ring of dexterity
 k - a ring of poison resistance (left claw)
 m - an amulet of reflection (around neck)
 p - a ring of protection from fire
 r - a +4 ring of evasion (right claw)
 Y - the ring of Lamm {rCorr Str+3}
   (You found it on level 9 of the Dungeon)

   [ring of resist corrosion]

   Str:       It affects your strength (+3).
   rCorr:     It protects you from acid and corrosion.
Scrolls
 d - a scroll of identify
 i - 6 scrolls of enchant weapon
 n - a scroll of silence {unknown}
 s - a scroll of magic mapping {unknown}
Potions
 b - 2 potions of heal wounds
 c - 2 potions of mutation
 e - 2 potions of haste
 f - 4 potions of might
 g - a potion of resistance
 j - 2 potions of curing

Dungeon Overview and Level Annotations

Branches:
Dungeon (11/15)            Temple (1/1) D:4            Lair (2/5) D:11
 Spider (0/4) Lair:2        Sewer (visited)
  Swamp: Lair:2-3    Shoals: Lair:2-3       Orc: D:9-12

Altars:
Ashenzari
Cheibriados
Dithmenos
Elyvilon
Fedhas
Gozag
Hepliaklqana
Kikubaaqudgha
Makhleb
Nemelex Xobeh
Okawaru
Qazlal
Ru
Sif Muna
Trog
Uskayaw
Vehumet
Wu Jian
Xom
Yredelemnul
Zin
The Shining One

Shops:
D:2 (   D:5 :

Portals:
Ice
Cave: D:11

Annotations:
D:4 1 runed translucent door, Bananafolds's ghost, amateur NaVM
D:6 1 runed translucent door, Crazy Yiuf
D:7 1 runed translucent door
Lair:2 2 runed translucent doors, qw's ghost, journeyman TrCA


Message History

The nine-headed hydra closely misses you.
The nine-headed hydra bites you!
You block the nine-headed hydra's attack. x2
The nine-headed hydra bites you.
The nine-headed hydra barely misses you.
You rip one of the nine-headed hydra's heads off!
The eight-headed hydra grows two more!
You claw the ten-headed hydra!
The ten-headed hydra is lightly wounded.
The ten-headed hydra bites you!
You block the ten-headed hydra's attack.
The ten-headed hydra bites you. The ten-headed hydra bites you!
You block the ten-headed hydra's attack.
The ten-headed hydra bites you but does no damage.
You block the ten-headed hydra's attack.
The ten-headed hydra bites you.
The ten-headed hydra closely misses you.
The ten-headed hydra misses you.
You tear one of the ten-headed hydra's heads off!
The nine-headed hydra grows two more!
You mangle the 11-headed hydra!!
The 11-headed hydra is moderately wounded.
You rip one of the 11-headed hydra's heads off!
The ten-headed hydra grows two more!
You mangle the 12-headed hydra!!
The 12-headed hydra is heavily wounded.
The 12-headed hydra bites you.
You block the 12-headed hydra's attack. x3
The 12-headed hydra bites you!
The 12-headed hydra closely misses you. x2
The 12-headed hydra bites you! The 12-headed hydra barely misses you.
The 12-headed hydra bites you! You block the 12-headed hydra's attack.
The 12-headed hydra completely misses you.
10930 ||| READING scroll of teleportation.
As you read the scroll of teleportation, it crumbles to dust.
You feel strangely unstable.
You block the 12-headed hydra's attack. x2; The 12-headed hydra misses you.
The 12-headed hydra bites you but does no damage.
You block the 12-headed hydra's attack. The 12-headed hydra misses you.
The 12-headed hydra bites you!
The 12-headed hydra completely misses you.
The 12-headed hydra bites you but does no damage.
The 12-headed hydra closely misses you. You block the 12-headed hydra's attack.
The 12-headed hydra bites you!
You die...

###..#.##P##...##.#####..######..
##########...# ## #### #..
#.>.########## ### #..
P##...#..##.##.###P###..
........................
........................
........................
..#P....#.###.#..P.##.. ####@####
#########.. #.DP# ... ....... ...
.../.....~~ ... ..........~~~~~
....###.#~~~### #### ###~~## ~~#


You could see a 12-headed hydra.

Vanquished Creatures
  3 two-headed ogres
  A manticore (D:10)
  Pikel (D:4)
  An ugly thing (D:9)
  A gargoyle (D:10)
  An efreet (D:9)
  A kobold demonologist (D:10)
  An unseen horror (D:11)
  2 komodo dragons
  A troll (D:11)
  5 blink frogs (Lair:2)
  6 dream sheep (Lair:2)
  A shadow (D:10)
  2 wyverns
  5 fire elementals
  9 yaks
  A basilisk (Lair:2)
  A steam dragon (D:8)
  2 vampire mosquitoes (D:11)
  Edmund (D:6)
  Menkaure (D:4)
  An acid dragon (D:10)
  3 water moccasins
  A sky beast (D:6)
  5 orc warriors
  An ice beast (D:6)
  A black bear (D:6)
  A centaur (D:9)
  2 ogres (D:5)
  2 phantoms
  A lemure (D:3)
  2 kobold brigands
  A gnoll sergeant (D:8)
  8 bullfrogs
  A necrophage (D:5)
  2 scorpions
  4 wights (D:6)
  6 killer bees (D:8)
  4 electric eels
  8 howler monkeys
  4 hounds
  A jelly (D:6)
  9 orc priests
  An iguana (D:7)
  6 orc wizards
  A hell rat (Sewer)
  15 gnolls
  6 adders
  10 river rats
  A shadow imp (D:6)
  A white imp (D:7)
  3 ufetubi
  A worm (D:2)
  31 orcs
  6 endoplasms
  2 giant cockroaches
  6 goblins
  7 hobgoblins
  8 jackals
  3 quokkas
  7 ball pythons
  2 bats
  5 frilled lizards
  17 kobolds
  A kobold skeleton (D:7)
  26 rats
281 creatures vanquished.

Vanquished Creatures (others)
  4 fungi (Lair:2)
  2 plants (Lair:2)
6 creatures vanquished.

Grand Total: 287 creatures vanquished

Notes
Turn   | Place    | Note
-------+----------+-------------------------------------------
     0 | D:1      | qw the Troll Cinder Acolyte began the quest for the Orb.
     0 | D:1      | Reached XP level 1. HP: 22/22 MP: 1/1
     0 | D:1      | 0 ||| qw: Version: 0.1-a-97-g2dd2ca4
     0 | D:1      | 0 ||| qw: Game counter: 4946
     0 | D:1      | 0 ||| qw: Always use a shield: true
     0 | D:1      | 0 ||| qw: God list: Okawaru
     0 | D:1      | 0 ||| qw: Allow faded altars: false
     0 | D:1      | 0 ||| qw: Do Orc after D:15 true
     0 | D:1      | 0 ||| qw: Do second Lair branch before Depths: true
     0 | D:1      | 0 ||| qw: Lair rune preference: random
     0 | D:1      | 0 ||| qw: Plans: Normal
     0 | D:1      | 0 ||| PLANNING D:1-11
   140 | D:1      | You fall into a shaft and drop 1 floor!
   205 | D:2      | Found a shadowy altar of Dithmenos.
   225 | D:2      | 225 ||| Stepping ~*~*~tactically~*~*~ (stealth).
   302 | D:2      | 302 ||| Stepping ~*~*~tactically~*~*~ (stealth).
   303 | D:2      | 303 ||| Stepping ~*~*~tactically~*~*~ (stealth).
   347 | D:2      | Found a faded altar of an unknown god.
   397 | D:2      | Found Woobleitu's Antique Weapon Shoppe.
   402 | D:2      | 402 ||| READING scroll labelled CIODWE WOCYU.
   411 | D:2      | Reached XP level 2. HP: 29/29 MP: 2/2
   413 | D:2      | 413 ||| READING scroll labelled OVUECARHEM.
   773 | D:2      | Reached skill level 4 in Unarmed Combat
   893 | D:1      | Reached XP level 3. HP: 36/36 MP: 3/3
  1804 | D:1      | Found a bloodstained altar of Trog.
  1806 | D:1      | 1806 ||| READING 3 scrolls labelled ALYOWI FIFIOSH.
  1808 | D:1      | 1808 ||| READING 3 scrolls labelled RYL CIPYECLIT.
  1809 | D:1      | 1809 ||| DRINKING 2 murky red potions.
  1810 | D:1      | 1810 ||| READING 2 scrolls of identify.
  1810 | D:1      | 1810 ||| IDENTIFYING yellow potion
  2087 | D:3      | Found a glowing drain.
  2088 | D:3      | 2088 ||| PLANNING SEWER
  2088 | D:3      | 2088 ||| STAIRDANCE
  2094 | D:3      | 2094 ||| STAIRDANCE
  2096 | D:2      | 2096 ||| Stepping ~*~*~tactically~*~*~ (outnumbered).
  2101 | D:2      | 2101 ||| Stepping ~*~*~tactically~*~*~ (outnumbered).
  2125 | D:3      | 2125 ||| Stepping ~*~*~tactically~*~*~ (outnumbered).
  2126 | D:3      | 2126 ||| Stepping ~*~*~tactically~*~*~ (outnumbered).
  2127 | D:3      | 2127 ||| Stepping ~*~*~tactically~*~*~ (outnumbered).
  2128 | D:3      | 2128 ||| Stepping ~*~*~tactically~*~*~ (outnumbered).
  2130 | D:3      | 2130 ||| Stepping ~*~*~tactically~*~*~ (outnumbered).
  2163 | Sewer    | Entered a sewer
  2179 | Sewer    | Reached skill level 5 in Unarmed Combat
  2179 | Sewer    | Reached XP level 4. HP: 43/44 MP: 4/4
  2288 | Sewer    | 2288 ||| READING 3 scrolls labelled VUQ ZELOSHAYKA.
  2289 | Sewer    | 2289 ||| READING scroll labelled HEADWUODAE.
  2290 | Sewer    | 2290 ||| READING 3 scrolls labelled SOPRITU RUESH.
  2291 | Sewer    | 2291 ||| DROPPING 2 scrolls of poison.
  2292 | Sewer    | 2292 ||| DROPPING 2 scrolls of blinking.
  2293 | Sewer    | 2293 ||| READING scroll of teleportation.
  2301 | D:3      | 2301 ||| PLANNING D:1-11
  2526 | D:3      | 2526 ||| INVOKING Fiery Armour.
  2531 | D:3      | Reached XP level 5. HP: 45/50 MP: 5/5
  2695 | D:3      | 2695 ||| DRINKING 2 fuming white potions.
  2696 | D:3      | 2696 ||| DROPPING potion of degeneration.
  2701 | D:4      | Noticed Pikel
  2701 | D:4      | Noticed a lemure
  2701 | D:4      | Noticed a lemure
  2702 | D:4      | Noticed a lemure
  2703 | D:4      | 2703 ||| STAIRDANCE
  2703 | D:4      | Noticed a lemure
  2711 | D:3      | Reached skill level 6 in Unarmed Combat
  2713 | D:4      | 2713 ||| STAIRDANCE
  2717 | D:3      | Killed a lemure
  2722 | D:4      | 2722 ||| Stepping ~*~*~tactically~*~*~ (outnumbered).
  2723 | D:4      | 2723 ||| Stepping ~*~*~tactically~*~*~ (outnumbered).
  2724 | D:4      | 2724 ||| Stepping ~*~*~tactically~*~*~ (outnumbered).
  2734 | D:4      | 2734 ||| INVOKING Fiery Armour.
  2734 | D:4      | Killed Pikel
  2735 | D:4      | Reached skill level 8 in Unarmed Combat
  2735 | D:4      | Reached XP level 6. HP: 27/59 MP: 6/6
  2735 | D:4      | Reached XP level 7. HP: 30/66 MP: 7/7
  2852 | D:4      | Found a staircase to the Ecumenical Temple.
  2907 | D:4      | 2907 ||| Stepping ~*~*~tactically~*~*~ (stealth).
  2909 | D:4      | 2909 ||| Stepping ~*~*~tactically~*~*~ (stealth).
  2911 | D:4      | 2911 ||| Stepping ~*~*~tactically~*~*~ (stealth).
  2959 | D:4      | Noticed Menkaure
  2962 | D:4      | Killed Menkaure
  2963 | D:4      | Reached skill level 3 in Fighting
  2965 | D:4      | 2965 ||| Stepping ~*~*~tactically~*~*~ (stealth).
  3025 | D:4      | 3025 ||| Stepping ~*~*~tactically~*~*~ (stealth).
  3042 | D:4      | Found a stormy altar of Qazlal.
  3054 | D:4      | Found a white marble altar of Elyvilon.
  3068 | D:4      | Found an ornate altar of the Wu Jian Council.
  3086 | D:4      | Found a sparkling altar of Nemelex Xobeh.
  3153 | D:4      | Found a runed translucent door.
  3158 | D:4      | Noticed Bananafolds's ghost (amateur NaVM)
  3202 | D:4      | 3202 ||| Stepping ~*~*~tactically~*~*~ (stealth).
  3203 | D:4      | 3203 ||| Stepping ~*~*~tactically~*~*~ (stealth).
  3204 | D:4      | 3204 ||| Stepping ~*~*~tactically~*~*~ (stealth).
  3249 | D:4      | 3249 ||| Stepping ~*~*~tactically~*~*~ (stealth).
  3295 | D:4      | Found an opulent altar of Gozag.
  3330 | D:4      | Found a glowing silver altar of Zin.
  3338 | D:4      | 3338 ||| Stepping ~*~*~tactically~*~*~ (hiding).
  3501 | D:4      | 3501 ||| READING scroll labelled KABEEBR NADAMIBB.
  3502 | D:4      | 3502 ||| READING 3 scrolls of identify.
  3502 | D:4      | 3502 ||| IDENTIFYING pink potion
  3503 | D:4      | 3503 ||| READING 2 scrolls of identify.
  3503 | D:4      | 3503 ||| IDENTIFYING amethyst potion
  3504 | D:4      | 3504 ||| DROPPING potion of invisibility.
  3550 | D:5      | Entered Level 5 of the Dungeon
  3553 | D:5      | 3553 ||| INVOKING Fiery Armour.
  3603 | D:5      | Reached skill level 9 in Unarmed Combat
  3607 | D:5      | Reached skill level 1 in Throwing
  3648 | D:5      | Reached skill level 1 in Dodging
  3648 | D:5      | Reached XP level 8. HP: 75/75 MP: 8/8
  3805 | D:5      | 3805 ||| Stepping ~*~*~tactically~*~*~ (stealth).
  3824 | D:5      | 3824 ||| Stepping ~*~*~tactically~*~*~ (stealth).
  3947 | D:5      | Reached skill level 10 in Unarmed Combat
  4009 | D:5      | Found Eli Doxt's Book Boutique.
  4024 | D:5      | 4024 ||| UPGRADING to amulet of reflection.
  4029 | D:5      | 4029 ||| READING scroll labelled TAOVOIHYRUU.
  4030 | D:5      | 4030 ||| DRINKING 2 smoky dark potions.
  4117 | D:6      | 4117 ||| Stepping ~*~*~tactically~*~*~ (stealth).
  4124 | D:6      | Noticed Edmund
  4134 | D:6      | Killed Edmund
  4158 | D:6      | Reached skill level 11 in Unarmed Combat
  4179 | D:6      | 4179 ||| Stepping ~*~*~tactically~*~*~ (outnumbered).
  4180 | D:6      | 4180 ||| Stepping ~*~*~tactically~*~*~ (outnumbered).
  4181 | D:6      | 4181 ||| Stepping ~*~*~tactically~*~*~ (outnumbered).
  4182 | D:6      | 4182 ||| Stepping ~*~*~tactically~*~*~ (outnumbered).
  4183 | D:6      | 4183 ||| Stepping ~*~*~tactically~*~*~ (outnumbered).
  4184 | D:6      | 4184 ||| Stepping ~*~*~tactically~*~*~ (outnumbered).
  4186 | D:6      | 4186 ||| Stepping ~*~*~tactically~*~*~ (stealth).
  4187 | D:6      | 4187 ||| Stepping ~*~*~tactically~*~*~ (outnumbered).
  4189 | D:6      | 4189 ||| Stepping ~*~*~tactically~*~*~ (outnumbered).
  4191 | D:6      | Reached XP level 9. HP: 70/84 MP: 9/9
  4191 | D:6      | 4191 ||| FLEEEEING.
  4192 | D:6      | 4192 ||| FLEEEEING.
  4193 | D:6      | 4193 ||| FLEEEEING.
  4194 | D:6      | 4194 ||| FLEEEEING.
  4195 | D:6      | 4195 ||| FLEEEEING.
  4196 | D:6      | 4196 ||| FLEEEEING.
  4200 | D:6      | 4200 ||| Stepping ~*~*~tactically~*~*~ (outnumbered).
  4201 | D:6      | 4201 ||| Stepping ~*~*~tactically~*~*~ (outnumbered).
  4202 | D:6      | 4202 ||| Stepping ~*~*~tactically~*~*~ (outnumbered).
  4203 | D:6      | 4203 ||| Stepping ~*~*~tactically~*~*~ (outnumbered).
  4204 | D:6      | 4204 ||| Stepping ~*~*~tactically~*~*~ (stealth).
  4205 | D:6      | 4205 ||| Stepping ~*~*~tactically~*~*~ (stealth).
  4206 | D:6      | 4206 ||| Stepping ~*~*~tactically~*~*~ (outnumbered).
  4207 | D:6      | 4207 ||| Stepping ~*~*~tactically~*~*~ (outnumbered).
  4326 | D:6      | 4326 ||| Stepping ~*~*~tactically~*~*~ (stealth).
  4535 | D:6      | Found a runed translucent door.
  4536 | D:6      | Noticed Crazy Yiuf
  4630 | D:6      | 4630 ||| UPGRADING to +6 ring of dexterity.
  4631 | D:6      | 4631 ||| READING 3 scrolls of identify.
  4631 | D:6      | 4631 ||| IDENTIFYING gluggy blue potion
  4632 | D:6      | 4632 ||| READING 2 scrolls of identify.
  4632 | D:6      | 4632 ||| IDENTIFYING metallic dark potion
  4633 | D:6      | 4633 ||| DROPPING potion of ambrosia.
  4703 | D:7      | 4703 ||| Stepping ~*~*~tactically~*~*~ (stealth).
  4704 | D:7      | 4704 ||| Stepping ~*~*~tactically~*~*~ (stealth).
  4705 | D:7      | 4705 ||| Stepping ~*~*~tactically~*~*~ (stealth).
  4731 | D:7      | 4731 ||| Stepping ~*~*~tactically~*~*~ (stealth).
  4733 | D:7      | 4733 ||| Stepping ~*~*~tactically~*~*~ (stealth).
  4735 | D:7      | 4735 ||| Stepping ~*~*~tactically~*~*~ (hiding).
  4739 | D:7      | 4739 ||| INVOKING Fiery Armour.
  4747 | D:7      | Reached skill level 12 in Unarmed Combat
  4747 | D:7      | 4747 ||| FLEEEEING.
  4748 | D:7      | 4748 ||| FLEEEEING.
  4749 | D:7      | 4749 ||| FLEEEEING.
  4750 | D:7      | 4750 ||| STAIRDANCE
  4932 | D:7      | 4932 ||| Stepping ~*~*~tactically~*~*~ (outnumbered).
  4933 | D:7      | 4933 ||| Stepping ~*~*~tactically~*~*~ (outnumbered).
  4934 | D:7      | 4934 ||| Stepping ~*~*~tactically~*~*~ (outnumbered).
  5026 | D:7      | 5026 ||| Stepping ~*~*~tactically~*~*~ (hiding).
  5040 | D:7      | 5040 ||| FLEEEEING.
  5041 | D:7      | 5041 ||| FLEEEEING.
  5043 | D:7      | 5043 ||| STAIRDANCE
  5203 | D:7      | Found a runed translucent door.
  5209 | D:7      | 5209 ||| Stepping ~*~*~tactically~*~*~ (stealth).
  5210 | D:7      | 5210 ||| Stepping ~*~*~tactically~*~*~ (stealth).
  5250 | D:7      | 5250 ||| INVOKING Fiery Armour.
  5251 | D:7      | 5251 ||| Stepping ~*~*~tactically~*~*~ (stealth).
  5252 | D:7      | 5252 ||| Stepping ~*~*~tactically~*~*~ (stealth).
  5255 | D:7      | 5255 ||| Stepping ~*~*~tactically~*~*~ (stealth).
  5320 | D:7      | 5320 ||| Stepping ~*~*~tactically~*~*~ (stealth).
  5360 | D:7      | Found a bloodstained altar of Trog.
  5418 | D:7      | Found a basalt altar of Yredelemnul.
  5446 | D:7      | 5446 ||| Stepping ~*~*~tactically~*~*~ (hiding).
  5451 | D:7      | 5451 ||| Stepping ~*~*~tactically~*~*~ (outnumbered).
  5457 | D:7      | 5457 ||| INVOKING Fiery Armour.
  5568 | D:7      | Noticed a two-headed ogre
  5578 | D:7      | 5578 ||| INVOKING Fiery Armour.
  5579 | D:7      | Killed a two-headed ogre
  5580 | D:7      | Reached skill level 6 in Fighting
  5632 | D:8      | Noticed a two-headed ogre
  5633 | D:8      | 5633 ||| STAIRDANCE
  5640 | D:7      | Killed a two-headed ogre
  5641 | D:7      | Reached XP level 10. HP: 65/98 MP: 10/10
  5675 | D:8      | 5675 ||| STAIRDANCE
  5679 | D:8      | 5679 ||| STAIRDANCE
  5683 | D:8      | 5683 ||| STAIRDANCE
  5774 | D:8      | 5774 ||| Stepping ~*~*~tactically~*~*~ (hiding).
  5876 | D:8      | 5876 ||| Stepping ~*~*~tactically~*~*~ (hiding).
  5990 | D:8      | 5990 ||| FLEEEEING.
  5991 | D:8      | 5991 ||| FLEEEEING.
  5992 | D:8      | 5992 ||| FLEEEEING.
  5993 | D:8      | 5993 ||| FLEEEEING.
  6015 | D:8      | 6015 ||| Stepping ~*~*~tactically~*~*~ (outnumbered).
  6019 | D:8      | 6019 ||| INVOKING Fiery Armour.
  6132 | D:8      | 6132 ||| Stepping ~*~*~tactically~*~*~ (stealth).
  6134 | D:8      | 6134 ||| Stepping ~*~*~tactically~*~*~ (hiding).
  6146 | D:8      | 6146 ||| Stepping ~*~*~tactically~*~*~ (outnumbered).
  6149 | D:8      | 6149 ||| Stepping ~*~*~tactically~*~*~ (hiding).
  6156 | D:8      | Reached skill level 13 in Unarmed Combat
  6160 | D:8      | 6160 ||| INVOKING Fiery Armour.
  6197 | D:8      | 6197 ||| FLEEEEING.
  6233 | D:8      | 6233 ||| Stepping ~*~*~tactically~*~*~ (stealth).
  6235 | D:8      | 6235 ||| Stepping ~*~*~tactically~*~*~ (stealth).
  6237 | D:8      | 6237 ||| Stepping ~*~*~tactically~*~*~ (hiding).
  6255 | D:8      | 6255 ||| Stepping ~*~*~tactically~*~*~ (hiding).
  6260 | D:8      | Reached skill level 3 in Dodging
  6320 | D:8      | 6320 ||| Stepping ~*~*~tactically~*~*~ (stealth).
  6381 | D:8      | 6381 ||| Stepping ~*~*~tactically~*~*~ (stealth).
  6386 | D:8      | 6386 ||| Stepping ~*~*~tactically~*~*~ (stealth).
  6388 | D:8      | 6388 ||| Stepping ~*~*~tactically~*~*~ (stealth).
  6390 | D:8      | 6390 ||| Stepping ~*~*~tactically~*~*~ (stealth).
  6392 | D:8      | 6392 ||| Stepping ~*~*~tactically~*~*~ (stealth).
  6394 | D:8      | 6394 ||| Stepping ~*~*~tactically~*~*~ (stealth).
  6395 | D:8      | 6395 ||| Stepping ~*~*~tactically~*~*~ (stealth).
  6417 | D:8      | 6417 ||| Stepping ~*~*~tactically~*~*~ (stealth).
  6589 | D:8      | 6589 ||| Stepping ~*~*~tactically~*~*~ (outnumbered).
  6590 | D:8      | 6590 ||| Stepping ~*~*~tactically~*~*~ (outnumbered).
  6591 | D:8      | 6591 ||| Stepping ~*~*~tactically~*~*~ (outnumbered).
  6592 | D:8      | 6592 ||| Stepping ~*~*~tactically~*~*~ (outnumbered).
  6804 | D:8      | 6804 ||| UPGRADING to +0 tower shield.
  6809 | D:8      | 6809 ||| UPGRADING to +0 steam dragon scales.
  6819 | D:8      | 6819 ||| DROPPING +0 robe.
  6921 | D:9      | Found a broken altar of Ashenzari.
  6932 | D:9      | Found a hazy altar of Hepliaklqana.
  7012 | D:9      | Identified the ring of Lamm {rCorr Str+3}
  7052 | D:9      | 7052 ||| FLEEEEING.
  7053 | D:9      | 7053 ||| FLEEEEING.
  7054 | D:9      | 7054 ||| FLEEEEING.
  7055 | D:9      | 7055 ||| FLEEEEING.
  7056 | D:9      | 7056 ||| FLEEEEING.
  7057 | D:9      | 7057 ||| FLEEEEING.
  7063 | D:9      | 7063 ||| FLEEEEING.
  7064 | D:9      | 7064 ||| FLEEEEING.
  7065 | D:9      | 7065 ||| FLEEEEING.
  7066 | D:9      | 7066 ||| FLEEEEING.
  7067 | D:9      | 7067 ||| FLEEEEING.
  7080 | D:9      | Reached skill level 1 in Shields
  7333 | D:9      | 7333 ||| FLEEEEING.
  7334 | D:9      | 7334 ||| FLEEEEING.
  7335 | D:9      | 7335 ||| FLEEEEING.
  7336 | D:9      | 7336 ||| FLEEEEING.
  7377 | D:9      | 7377 ||| FLEEEEING.
  7378 | D:9      | 7378 ||| FLEEEEING.
  7379 | D:9      | 7379 ||| FLEEEEING.
  7380 | D:9      | 7380 ||| FLEEEEING.
  7409 | D:9      | 7409 ||| FLEEEEING.
  7431 | D:9      | 7431 ||| FLEEEEING.
  7432 | D:9      | 7432 ||| FLEEEEING.
  7433 | D:9      | 7433 ||| FLEEEEING.
  7459 | D:9      | 7459 ||| FLEEEEING.
  7557 | D:9      | 7557 ||| UPGRADING to ring of Lamm {rCorr Str+3}.
  7558 | D:9      | 7558 ||| UPGRADING to +4 ring of evasion.
  7560 | D:9      | 7560 ||| READING scroll labelled KUDA EFFOETEKUMIH.
  7561 | D:9      | 7561 ||| DRINKING 2 metallic sapphire potions.
  7572 | D:9      | Noticed a cyan ugly thing
  7574 | D:9      | Reached skill level 3 in Shields
  7587 | D:9      | 7587 ||| READING 2 scrolls of identify.
  7587 | D:9      | 7587 ||| IDENTIFYING puce potion
  7588 | D:9      | 7588 ||| DROPPING potion of flight.
  7589 | D:9      | 7589 ||| DROPPING potion of lignification.
  7590 | D:9      | 7590 ||| Stepping randomly (stuck).
  7591 | D:9      | 7591 ||| Stepping randomly (stuck).
  7592 | D:9      | 7592 ||| Stepping randomly (stuck).
  7593 | D:9      | 7593 ||| Stepping randomly (stuck).
  7594 | D:9      | 7594 ||| Stepping randomly (stuck).
  7595 | D:9      | 7595 ||| Stepping randomly (stuck).
  7596 | D:9      | 7596 ||| Stepping randomly (stuck).
  7597 | D:9      | 7597 ||| Stepping randomly (stuck).
  7599 | D:9      | 7599 ||| Stepping randomly (stuck).
  7601 | D:9      | 7601 ||| Stepping randomly (stuck).
  7603 | D:9      | 7603 ||| Stepping randomly (stuck).
  7604 | D:9      | 7604 ||| Stepping randomly (stuck).
  7605 | D:9      | 7605 ||| Stepping randomly (stuck).
  7606 | D:9      | 7606 ||| Stepping randomly (stuck).
  7607 | D:9      | 7607 ||| Stepping randomly (stuck).
  7608 | D:9      | 7608 ||| Stepping randomly (stuck).
  7609 | D:9      | 7609 ||| Stepping randomly (stuck).
  7610 | D:9      | 7610 ||| Stepping randomly (stuck).
  7611 | D:9      | 7611 ||| Stepping randomly (stuck).
  7612 | D:9      | 7612 ||| Stepping randomly (stuck).
  7613 | D:9      | 7613 ||| Stepping randomly (stuck).
  7614 | D:9      | 7614 ||| Stepping randomly (stuck).
  7615 | D:9      | 7615 ||| Stepping randomly (stuck).
  7616 | D:9      | 7616 ||| Stepping randomly (stuck).
  7617 | D:9      | 7617 ||| Stepping randomly (stuck).
  7619 | D:9      | 7619 ||| Stepping randomly (stuck).
  7621 | D:9      | 7621 ||| Stepping randomly (stuck).
  7623 | D:9      | 7623 ||| Stepping randomly (stuck).
  7624 | D:9      | 7624 ||| Stepping randomly (stuck).
  7625 | D:9      | 7625 ||| Stepping randomly (stuck).
  7627 | D:9      | 7627 ||| Stepping randomly (stuck).
  7629 | D:9      | 7629 ||| Stepping randomly (stuck).
  7630 | D:9      | 7630 ||| Stepping randomly (stuck).
  7631 | D:9      | 7631 ||| Stepping randomly (stuck).
  7632 | D:9      | 7632 ||| Stepping randomly (stuck).
  7633 | D:9      | 7633 ||| Stepping randomly (stuck).
  7634 | D:9      | 7634 ||| Stepping randomly (stuck).
  7635 | D:9      | 7635 ||| Stepping randomly (stuck).
  7636 | D:9      | 7636 ||| Stepping randomly (stuck).
  7637 | D:9      | 7637 ||| Stepping randomly (stuck).
  7638 | D:9      | 7638 ||| Stepping randomly (stuck).
  7639 | D:9      | 7639 ||| Stepping randomly (stuck).
  7640 | D:9      | 7640 ||| Stepping randomly (stuck).
  7641 | D:9      | 7641 ||| Stepping randomly (stuck).
  7642 | D:9      | 7642 ||| Stepping randomly (stuck).
  7643 | D:9      | 7643 ||| Stepping randomly (stuck).
  7644 | D:9      | 7644 ||| Stepping randomly (stuck).
  7645 | D:9      | 7645 ||| Stepping randomly (stuck).
  7646 | D:9      | 7646 ||| Stepping randomly (stuck).
  7647 | D:9      | 7647 ||| Stepping randomly (stuck).
  7648 | D:9      | 7648 ||| Stepping randomly (stuck).
  7649 | D:9      | 7649 ||| Stepping randomly (stuck).
  7650 | D:9      | 7650 ||| Stepping randomly (stuck).
  7651 | D:9      | 7651 ||| Stepping randomly (stuck).
  7652 | D:9      | 7652 ||| Stepping randomly (stuck).
  7653 | D:9      | 7653 ||| Stepping randomly (stuck).
  7654 | D:9      | 7654 ||| Stepping randomly (stuck).
  7655 | D:9      | 7655 ||| Stepping randomly (stuck).
  7656 | D:9      | 7656 ||| Stepping randomly (stuck).
  7657 | D:9      | 7657 ||| Stepping randomly (stuck).
  7658 | D:9      | 7658 ||| Stepping randomly (stuck).
  7659 | D:9      | 7659 ||| Stepping randomly (stuck).
  7660 | D:9      | 7660 ||| Stepping randomly (stuck).
  7661 | D:9      | 7661 ||| Stepping randomly (stuck).
  7662 | D:9      | 7662 ||| Stepping randomly (stuck).
  7667 | D:9      | 7667 ||| Stepping randomly (stuck).
  7668 | D:9      | 7668 ||| Stepping randomly (stuck).
  7669 | D:9      | 7669 ||| Stepping randomly (stuck).
  7670 | D:9      | 7670 ||| Stepping randomly (stuck).
  7671 | D:9      | 7671 ||| Stepping randomly (stuck).
  7677 | D:9      | 7677 ||| Stepping randomly (stuck).
  7678 | D:9      | 7678 ||| Stepping randomly (stuck).
  7679 | D:9      | 7679 ||| Stepping randomly (stuck).
  7680 | D:9      | 7680 ||| Stepping randomly (stuck).
  7681 | D:9      | 7681 ||| Stepping randomly (stuck).
  7682 | D:9      | 7682 ||| Stepping randomly (stuck).
  7683 | D:9      | 7683 ||| Stepping randomly (stuck).
  7684 | D:9      | 7684 ||| Stepping randomly (stuck).
  7685 | D:9      | 7685 ||| Stepping randomly (stuck).
  7686 | D:9      | 7686 ||| Stepping randomly (stuck).
  7687 | D:9      | 7687 ||| Stepping randomly (stuck).
  7688 | D:9      | 7688 ||| Stepping randomly (stuck).
  7689 | D:9      | 7689 ||| Stepping randomly (stuck).
  7690 | D:9      | 7690 ||| Stepping randomly (stuck).
  7691 | D:9      | 7691 ||| Stepping randomly (stuck).
  7692 | D:9      | 7692 ||| Stepping randomly (stuck).
  7693 | D:9      | 7693 ||| Stepping randomly (stuck).
  7694 | D:9      | 7694 ||| Stepping randomly (stuck).
  7695 | D:9      | 7695 ||| Stepping randomly (stuck).
  7696 | D:9      | 7696 ||| Stepping randomly (stuck).
  7697 | D:9      | 7697 ||| Stepping randomly (stuck).
  7698 | D:9      | 7698 ||| Stepping randomly (stuck).
  7699 | D:9      | 7699 ||| Stepping randomly (stuck).
  7700 | D:9      | 7700 ||| Stepping randomly (stuck).
  7701 | D:9      | 7701 ||| Stepping randomly (stuck).
  7702 | D:9      | 7702 ||| Stepping randomly (stuck).
  7703 | D:9      | 7703 ||| Stepping randomly (stuck).
  7704 | D:9      | 7704 ||| Stepping randomly (stuck).
  7705 | D:9      | 7705 ||| Stepping randomly (stuck).
  7706 | D:9      | 7706 ||| Stepping randomly (stuck).
  7707 | D:9      | 7707 ||| Stepping randomly (stuck).
  7708 | D:9      | 7708 ||| Stepping randomly (stuck).
  7709 | D:9      | 7709 ||| Stepping randomly (stuck).
  7710 | D:9      | 7710 ||| Stepping randomly (stuck).
  7711 | D:9      | 7711 ||| Stepping randomly (stuck).
  7712 | D:9      | 7712 ||| Stepping randomly (stuck).
  7713 | D:9      | 7713 ||| Stepping randomly (stuck).
  7714 | D:9      | 7714 ||| Stepping randomly (stuck).
  7715 | D:9      | 7715 ||| Stepping randomly (stuck).
  7716 | D:9      | 7716 ||| Stepping randomly (stuck).
  7717 | D:9      | 7717 ||| Stepping randomly (stuck).
  7718 | D:9      | 7718 ||| Stepping randomly (stuck).
  7719 | D:9      | 7719 ||| Stepping randomly (stuck).
  7720 | D:9      | 7720 ||| Stepping randomly (stuck).
  7725 | D:9      | 7725 ||| INVOKING Fiery Armour.
  7729 | D:9      | Killed a cyan ugly thing
  7814 | D:9      | Identified the +5 shortbow of Ignis's Benevolence {venom,
                  | Contam rElec Str+7 Stlth+}
  8123 | D:9      | 8123 ||| READING 2 scrolls of identify.
  8123 | D:9      | 8123 ||| IDENTIFYING ruby potion
  8124 | D:9      | 8124 ||| DROPPING potion of brilliance.
  8173 | D:10     | Entered Level 10 of the Dungeon
  8195 | D:10     | 8195 ||| FLEEEEING.
  8197 | D:10     | 8197 ||| Stepping ~*~*~tactically~*~*~ (stealth).
  8257 | D:10     | 8257 ||| Stepping ~*~*~tactically~*~*~ (stealth).
  8432 | D:10     | Found Piacza's Weapon Shoppe.
  8510 | D:10     | Noticed a two-headed ogre
  8511 | D:10     | Noticed a manticore
  8512 | D:10     | 8512 ||| INVOKING Fiery Armour.
  8513 | D:10     | 8513 ||| Stepping ~*~*~tactically~*~*~ (hiding).
  8516 | D:10     | Noticed a gargoyle
  8517 | D:10     | 8517 ||| Stepping ~*~*~tactically~*~*~ (outnumbered).
  8518 | D:10     | Killed a two-headed ogre
  8519 | D:10     | Reached skill level 6 in Shields
  8521 | D:10     | HP: 23/98 [manticore (4)]
  8522 | D:10     | 8522 ||| DRINKING 3 potions of heal wounds.
  8523 | D:10     | Killed a manticore
  8524 | D:10     | Reached XP level 11. HP: 55/105 MP: 11/11
  8624 | D:10     | 8624 ||| Stepping ~*~*~tactically~*~*~ (stealth).
  8652 | D:10     | 8652 ||| Stepping ~*~*~tactically~*~*~ (stealth).
  8833 | D:10     | 8833 ||| Stepping ~*~*~tactically~*~*~ (hiding).
  9022 | D:10     | 9022 ||| FLEEEEING.
  9028 | D:10     | 9028 ||| FLEEEEING.
  9121 | D:10     | 9121 ||| INVOKING Fiery Armour.
  9215 | D:10     | 9215 ||| DROPPING amulet of regeneration.
  9216 | D:10     | 9216 ||| UPGRADING to ring of poison resistance.
  9218 | D:10     | 9218 ||| UPGRADING to +4 ring of evasion.
  9220 | D:10     | 9220 ||| READING 2 scrolls of identify.
  9220 | D:10     | 9220 ||| IDENTIFYING golden potion
  9236 | D:11     | Found a frozen archway.
  9243 | D:11     | 9243 ||| Stepping ~*~*~tactically~*~*~ (hiding).
  9266 | D:11     | 9266 ||| Stepping ~*~*~tactically~*~*~ (stealth).
  9268 | D:11     | 9268 ||| Stepping ~*~*~tactically~*~*~ (stealth).
  9269 | D:11     | 9269 ||| Stepping ~*~*~tactically~*~*~ (stealth).
  9274 | D:11     | 9274 ||| Stepping ~*~*~tactically~*~*~ (stealth).
  9301 | D:11     | Found a staircase to the Lair.
  9319 | D:11     | 9319 ||| INVOKING Fiery Armour.
  9327 | D:11     | 9327 ||| Stepping ~*~*~tactically~*~*~ (outnumbered).
  9329 | D:11     | 9329 ||| Stepping ~*~*~tactically~*~*~ (outnumbered).
  9331 | D:11     | 9331 ||| Stepping ~*~*~tactically~*~*~ (outnumbered).
  9407 | D:11     | Identified the +11 rapier "Ebuvuqai" {flame, rC++ Str-4
                  | Int+9 Stlth-}
  9413 | D:11     | 9413 ||| PLANNING TEMPLE
  9527 | Temple   | Entered the Ecumenical Temple
  9528 | Temple   | 9528 ||| PLANNING CONVERSION TO OKAWARU
  9533 | Temple   | Fell from the grace of Ignis
  9533 | Temple   | Became a worshipper of Warmaster Okawaru
  9534 | Temple   | 9534 ||| PLANNING LAIR
  9648 | Lair:1   | Entered Level 1 of the Lair of Beasts
  9959 | Lair:1   | Reached skill level 9 in Shields
 10432 | Lair:1   | 10432 ||| DROPPING scarf of harm.
 10469 | Lair:2   | 10469 ||| DRINKING potion of cancellation.
 10541 | Lair:2   | 10541 ||| Stepping ~*~*~tactically~*~*~ (stealth).
 10570 | Lair:2   | Reached * piety under Okawaru
 10593 | Lair:2   | 10593 ||| INVOKING Heroism.
 10594 | Lair:2   | 10594 ||| INVOKING Heroism.
 10597 | Lair:2   | 10597 ||| INVOKING Heroism.
 10598 | Lair:2   | 10598 ||| Stepping ~*~*~tactically~*~*~ (outnumbered).
 10599 | Lair:2   | 10599 ||| Stepping ~*~*~tactically~*~*~ (outnumbered).
 10600 | Lair:2   | 10600 ||| Stepping ~*~*~tactically~*~*~ (outnumbered).
 10608 | Lair:2   | Reached skill level 1 in Invocations
 10609 | Lair:2   | 10609 ||| INVOKING Heroism.
 10701 | Lair:2   | 10701 ||| INVOKING Heroism.
 10726 | Lair:2   | 10726 ||| INVOKING Heroism.
 10744 | Lair:2   | Found a large runed translucent door.
 10744 | Lair:2   | Found a large runed translucent door.
 10748 | Lair:2   | Noticed qw's ghost (journeyman TrCA)
 10788 | Lair:2   | 10788 ||| INVOKING Heroism.
 10869 | Lair:2   | Found a hole to the Spider Nest.
 10920 | Lair:2   | Noticed an eight-headed hydra
 10921 | Lair:2   | 10921 ||| INVOKING Heroism.
 10929 | Lair:2   | HP: 24/105 [12-headed hydra (7)]
 10929 | Lair:2   | HP: 11/105 [12-headed hydra (13)]
 10930 | Lair:2   | 10930 ||| READING scroll of teleportation.
 10930 | Lair:2   | HP: 3/105 [12-headed hydra (9)]
 10930 | Lair:2   | Mangled by a 12-headed hydra

Levels and vault maps discovered:
D:1:      dpeg_arrival_lava_altar, layout_basic
D:2:      layout_loops_corners, basic_altar, shapermc_ecumenical_altar_venn,
          serial_shops, nicolae_shop_stone, kennysheep_generic_room_12
D:3:      layout_rooms, portal_sewer_entry_a
D:4:      layout_basic, pdpol_temple_overflow_zin_treasury_gozag_greed,
          nicolae_overflow_quartered_altars, temple_fountains,
          ebering_ghost_reflecting_pool, uniq_menkaure, uniq_pikel
D:5:      layout_cave_pools, serial_shops, kennysheep_mini, minmay_pentangle
D:6:      layout_rooms, uniq_edmund, uniq_crazy_yiuf_cottage
D:7:      layout_basic, trog_book, dk_yredelemnul_ordeal, dk_rats_in_the_wall
D:8:      layout_basic
D:9:      layout_basic, mainiacjoe_overflow_big_doors, minmay_radiant
D:10:     minmay_weird_star, layout_basic, serial_shops, shop_fountains
D:11:     layout_rooms, lair_entry_dummy, portal_ice_cave_entry_pillars_2,
          uniq_erica
Temple:   nicolae_temple_no_exploring_needed
Lair:1:   layout_cave_shapes, chequers_serial_rivers_small_3
Lair:2:   layout_long_grid, minmay_shoals_entry_hut, dummy_spider_entry,
          ebering_ghost_disaster_area, lemuel_fruit_tree

Skill      XL: |  1  2  3  4  5  6  7  8  9 10 11 |
---------------+----------------------------------+-----
Unarmed Combat | 4 5 8 9 11 12 13 | 13.4
Fighting       | 3 4 6 |  6.3
Throwing       | 1 |  1.2
Dodging        | 1 2 3 |  3.0
Shields        | 6 10 | 10.0
Invocations    | 2 |  2.7
Armour         | |  0.2
Spellcasting   | |  1.0
Fire Magic     | |  2.1

Action                   |  1- 3 |  4- 6 |  7- 9 | 10-12 || total
-------------------------+-------+-------+-------+-------++-------
Melee: Unarmed           |   120 |    68 |   239 |   347 ||   774
       Punch             |     2 |     2 |     4 |     5 ||    13
Throw: Boomerang         |       |       |    81 |    50 ||   131
Invok: Fiery Armour      |       |     2 |     5 |     6 ||    13
       Heroism           |       |       |       |     6 ||     6
  Use: Scroll            |     5 |     4 |     6 |     5 ||    20
       Potion            |     1 |     1 |     1 |     3 ||     6
Armor: Robe              |    57 |    11 |    37 |    22 ||   127
       Skin              |       |       |     3 |       ||     3
       Steam dragon scal |       |       |       |    49 ||    49
Dodge: Dodged            |    59 |    32 |    75 |   114 ||   280
Block: Other             |       |       |    29 |    17 ||    46
       Tower shield      |       |       |       |   187 ||   187
       Reflection        |       |       |       |     7 ||     7

Table legend:
 A = Non-vault XP
 B = Vault XP
 C = Vault XP percentage of total XP
 D = Non-vault monster count
 E = Vault monster count
 F = Vault count percentage of total count
                 A         B        C        D         E       F
            +---------+---------+-------+---------+---------+-------
      Total |   17114 |    2359 |  12.1 |     226 |      49 |  17.8
            +---------+---------+-------+---------+---------+-------
        D:1 |      24 |       0 |   0.0 |      15 |       0 |   0.0
        D:2 |      44 |      18 |  29.0 |      18 |       5 |  21.7
        D:3 |      66 |       3 |   4.3 |      11 |       3 |  21.4
        D:4 |     164 |     758 |  82.2 |      23 |       2 |   8.0
        D:5 |     435 |     358 |  45.1 |      11 |       5 |  31.2
        D:6 |    1352 |     166 |  10.9 |      21 |       1 |   4.5
        D:7 |    2334 |     106 |   4.3 |      26 |      22 |  45.8
        D:8 |    1740 |       0 |   0.0 |      40 |       0 |   0.0
        D:9 |     784 |     873 |  52.7 |      12 |       2 |  14.3
       D:10 |    3693 |       0 |   0.0 |      19 |       0 |   0.0
       D:11 |    2350 |       0 |   0.0 |      13 |       0 |   0.0
     Lair:1 |     596 |       0 |   0.0 |       3 |       0 |   0.0
     Lair:2 |    3532 |       0 |   0.0 |      14 |       0 |   0.0
      Sewer |       0 |      77 | 100.0 |       0 |       9 | 100.0
            +---------+---------+-------+---------+---------+-------
